 Seeded DCSS version 0.30.0-10-gfe55d96785 (webtiles) character file.

Game seed: 10090500252402427320 (custom seed)

2424 GigaChad the Cleaver (level 9, -17/69 HPs)
             Began as a Formicid Fighter on May 15, 2023.
             Was an Initiate of Gozag.
             Demolished by an orc warlord
             ... wielding a +6 broad axe
              (32 damage)
             ... in a bailey.
             The game lasted 00:06:07 (5574 turns).

GigaChad the Cleaver (Formicid Fighter)             Turns: 5574, Time: 00:06:08

Health: -17/69     AC: 13    Str: 30    XL:     9   Next: 76%
Magic:  9/9        EV:  8    Int:  8    God:    Gozag
Gold:   793        SH: 21    Dex: 13    Spells: 8/8 levels left

rFire   . . .        i - +8 mithril axe "Arga" {speed, Will+}
rCold   . . .        l - +6 tower shield "Ucankuny" {Str+5}
rNeg    . . .        b - +0 scale mail
rPois   .            (helmet unavailable)
rElec   .            p - +1 cloak
rCorr   .            (no gloves)
SInv    +            r - +2 pair of boots
Will    +....        (no amulet) Stlth
                     (no ring)
HPRegen 0.31/turn    (no ring)
MPRegen 0.11/turn

%: no passive effects
@: no status effects
A: permanent stasis, dig shafts and tunnels, antennae 3, four strong arms
a: Dig, Renounce Religion, Potion Petition, Call Merchant, Bribe Branch


You were in a bailey.
You worshipped Gozag.
Gozag was pleased with you.
You visited 1 branch of the dungeon, and saw 7 of its levels.
You also visited: Ossuary and Bailey.

You collected 885 gold pieces.
You paid 92 gold pieces to Gozag.

Inventory:

Hand Weapons
 a - a +1 war axe of freezing
 i - the +8 mithril axe "Arga" (weapon) {speed, Will+}
   (You acquired it on level 1 of the Dungeon)

   Will:      It increases your willpower.
 o - a +3 quarterstaff of chaos
 D - a +5 quarterstaff
Missiles
 C - a throwing net
Armour
 b - a +0 scale mail (worn)
 c - a +0 buckler
 l - the +6 tower shield "Ucankuny" (worn) {Str+5}
   (You acquired it on level 2 of the Dungeon)

   Str:       It affects your strength (+5).
 p - a +1 cloak (worn)
 r - a +2 pair of boots (worn)
Wands
 t - a wand of flame (19)
 B - a wand of iceblast (11)
 E - a wand of quicksilver (8)
Scrolls
 g - 2 scrolls of fog {unknown}
 h - 6 scrolls of identify
 j - 3 scrolls of teleportation
 q - a scroll of silence {unknown}
 v - a scroll of magic mapping
 x - a scroll of summoning {unknown}
 y - a scroll of enchant weapon
Potions
 d - 4 potions of might
 e - 3 potions of flight {unknown}
 f - 4 potions of brilliance
 k - 2 potions of haste
 m - 3 potions of heal wounds {unknown}
 n - 6 potions of curing {unknown}
 s - 3 potions of invisibility
 u - 3 potions of mutation
 w - a potion of lignification {unknown}
 z - 5 potions of magic {unknown}
 F - a potion of attraction {unknown}


   Skills:
 * Level 6.0 Fighting
 * Level 9.5 Axes
 * Level 5.9 Armour
 * Level 7.8 Shields


You had 8 spell levels left.
You didn't know any spells.
Your spell library contained the following spells:

 Spells                   Type           Power      Damage    Failure   Level
 Apportation              Tloc           0%         N/A       95%         1
 Necrotise                Necr           0%         1d4       95%         1
 Summon Small Mammal      Summ           0%         N/A       95%         1
 Ensorcelled Hibernation  Hex/Ice        0%         N/A       99%         2
 Spider Form              Tmut/Pois      0%         N/A       100%        3
 Anguish                  Hex/Necr       0%         N/A       100%        4
 Cause Fear               Hex            0%         N/A       100%        4
 Dragon Form              Tmut           0%         N/A       100%        7
 Dragon's Call            Summ           0%         N/A       100%        9


Dungeon Overview and Level Annotations

Branches:
Dungeon (7/15)             Temple (0/1) D:4         Ossuary (visited)
 Bailey (1/1)

Altars:
Gozag
Makhleb
Nemelex Xobeh
Okawaru
Yredelemnul

Shops:
D:5 [


Innate Abilities, Weirdness & Mutations

You cannot be hasted, slowed, berserked, paralysed or teleported.
You can dig through walls and to a lower floor.
You have a pair of large antennae on your head. (SInv)
Your four strong arms can wield two-handed weapons with a shield.


Message History

The orc warlord is heavily wounded.
You block the orc warlord's attack.
Unknown command.
You closely miss the orc warlord.
The orc warlord is heavily wounded.
You block the orc warlord's attack.
Unknown command.
You slice the orc warlord!!
The orc warlord is severely wounded.
Unknown command.
You closely miss the orc warlord.
The orc warlord is severely wounded.
You block the orc warlord's attack.
Unknown command.
You slash the orc warlord!
The orc warlord is severely wounded.
You block the orc warlord's attack.
Unknown command.
You hit the orc warlord but do no damage.
The orc warlord is severely wounded.
The orc warlord hits you with a +6 broad axe!!
* * * LOW HITPOINT WARNING * * *
Unknown command.
You barely miss the orc warlord.
The orc warlord is severely wounded.
You block the orc warlord's attack.
Unknown command.
You hit the orc warlord but do no damage.
The orc warlord is severely wounded.
You block the orc warlord's attack.
Unknown command.
You hit the orc warlord but do no damage.
The orc warlord is severely wounded.
You block the orc warlord's attack.
Unknown command.
You slash the orc warlord!
The orc warlord is severely wounded.
The orc warlord hits you with a +6 broad axe!!
You die...
Your body crumbles into a pile of gold.

♣∩...~~~.#~....∩....~#(~~~...∩
♣♣...~~~.#~.........~#)~~~...♣
♣...~~~.#~~.8...8.~~#)~~~...♣
♣♣..###'###.......###(###..♣♣
♣.##....#~.8...8.~#....##.♣
♣##.....#~~~~~~~~~#.....##♣
##......####~~~####()....##
#...8......#'''#..)...8...#
#..........@o.)...........#
#.........................#
##..8..8...........8..8..##
##.......#######.......##
##.....## ##.....## ##...##
##..?## ##### #####


You could see an orc warlord.

Vanquished Creatures
  Grinder (D:5)
  3 yaks (D:6)
  Menkaure (D:5)
  A water moccasin (D:6)
  4 orc warriors (Bailey)
  A phantom (D:5)
  A bullfrog (D:6)
  A scorpion (D:6)
  4 wights (D:6)
  A centaur zombie (Ossuary)
  A human zombie (Ossuary)
  2 jellies
  Crazy Yiuf (D:2)
  A hound (D:5)
  A gnoll bouda (D:5)
  6 iguanas
  A sleepcap (D:5)
  An orc wizard (D:6)
  6 mummies (Ossuary)
  7 gnolls
  6 adders
  A shadow imp (D:6)
  4 white imps
  An ufetubus (D:6)
  2 worms (D:3)
  A dart slug (D:5)
  23 orcs
  4 bats
  2 endoplasms (D:4)
  3 giant cockroaches
  10 goblins
  10 hobgoblins
  4 quokkas
  3 ball pythons
  8 frilled lizards
  A gnoll zombie (Ossuary)
  17 kobolds
  4 kobold zombies (Ossuary)
  An orc zombie (Ossuary)
  4 rats
154 creatures vanquished.

Notes
Turn   | Place    | Note
-------+----------+-------------------------------------------
     0 | D:1      | GigaChad the Formicid Fighter began the quest for the Orb.
     0 | D:1      | Reached XP level 1. HP: 18/18 MP: 1/1
   309 | D:1      | Reached XP level 2. HP: 17/24 MP: 2/2
   820 | D:1      | Identified a scroll of acquirement
   820 | D:1      | Acquired the +8 mithril axe "Arga" {speed, Will+}
   820 | D:1      | Found the +8 mithril axe "Arga" {speed, Will+}
   997 | D:2      | Found a sparkling altar of Nemelex Xobeh.
  1021 | D:2      | Reached XP level 3. HP: 28/29 MP: 3/3
  1301 | D:2      | Found a runed translucent door.
  1302 | D:2      | Noticed Crazy Yiuf
  1305 | D:2      | Acquired the +6 tower shield "Ucankuny" {Str+5}
  1319 | D:2      | Killed Crazy Yiuf
  1320 | D:2      | Reached XP level 4. HP: 32/37 MP: 4/4
  1481 | D:3      | Reached skill level 3 in Axes
  1714 | D:3      | Reached XP level 5. HP: 38/42 MP: 5/5
  1799 | D:3      | Found a basalt altar of Yredelemnul.
  2247 | D:4      | Reached skill level 4 in Axes
  2326 | D:4      | Identified the +5 ring mail "Dyhon" {rN+ Str+4 Dex-3}
  2346 | D:4      | Found a staircase to the Ecumenical Temple.
  2445 | D:4      | Found a sand-covered staircase.
  2858 | Ossuary  | Entered an ossuary
  2878 | Ossuary  | Reached XP level 6. HP: 48/48 MP: 6/6
  2929 | Ossuary  | Reached skill level 5 in Shields
  3027 | Ossuary  | Reached skill level 5 in Axes
  3068 | D:5      | Entered Level 5 of the Dungeon
  3121 | D:5      | Reached XP level 7. HP: 55/55 MP: 7/7
  3172 | D:5      | Found an opulent altar of Gozag.
  3211 | D:5      | Noticed Menkaure
  3216 | D:5      | Killed Menkaure
  3245 | D:5      | Became a worshipper of Gozag Ym Sagoz the Greedy
  3248 | D:5      | Found Yggoapn's Antique Armour Shoppe.
  3259 | D:5      | Reached skill level 6 in Axes
  4002 | D:5      | Noticed Grinder
  4011 | D:5      | Killed Grinder
  4012 | D:5      | Reached XP level 8. HP: 50/61 MP: 8/8
  4063 | D:5      | Reached skill level 5 in Fighting
  4063 | D:5      | Reached skill level 7 in Axes
  4155 | D:5      | Found a burning altar of Makhleb.
  4560 | D:6      | Reached skill level 5 in Armour
  4659 | D:6      | Reached skill level 8 in Axes
  4680 | D:6      | Reached XP level 9. HP: 51/68 MP: 9/9
  4984 | D:6      | Found an iron altar of Okawaru.
  5112 | D:6      | Reached skill level 9 in Axes
  5186 | D:7      | Found a flagged portal.
  5197 | Bailey   | Entered a bailey
  5202 | Bailey   | Noticed an orc warlord
  5337 | Bailey   | Found a runed translucent gate.
  5337 | Bailey   | Found a runed translucent gate.
  5337 | Bailey   | Found a runed translucent gate.
  5574 | Bailey   | Demolished by an orc warlord

Illustrated notes

Levels and vault maps discovered:
D:1:      nzn_arrival_settlement, layout_loops_corners, serial_bayou_ford_a,
          nicolae_kite_square_tiling_tiny
D:2:      layout_basic, basic_altar, uniq_crazy_yiuf_cottage
D:3:      layout_basic, mainiacjoe_overflow_brackets, minmay_hedge_maze
D:4:      layout_basic, temple_hall, chequers_ossuary_entry_cave
D:5:      layout_basic, mainiacjoe_overflow_paths, grunt_gozag_statues,
          serial_shops, shop, dreamdust_wishing_well, minmay_lizard_king,
          uniq_grinder, uniq_menkaure
D:6:      layout_basic, mainiacjoe_overflow_boulevard
D:7:      layout_cave_pools, enter_bailey_2, sigmund_edmund_badplayer
Bailey:   bailey_axe_bossmonster_kennysheep, bailey

Skill      XL: |  1  2  3  4  5  6  7  8  9 |
---------------+----------------------------+-----
Axes           | 3 4 5 6 8 9 |  9.5
Armour         | 4 5 |  5.9
Fighting       | 4 5 6 |  6.0
Shields        | 5 6 7 |  7.8

Action                     |  1- 3 |  4- 6 |  7- 9 || total
---------------------------+-------+-------+-------++-------
  Melee: War axe           |    36 |       |       ||    36
         Broad axe         |    12 |   123 |   187 ||   322
    Use: Scroll            |     2 |     4 |     5 ||    11
 Armour: Scale mail        |    15 |    18 |    16 ||    49
  Dodge: Dodged            |    24 |    14 |    13 ||    51
  Block: Buckler           |     9 |       |       ||     9
         Tower shield      |       |    80 |   127 ||   207
